 Dungeon Crawl Stone Soup version 0.28.0-49-g6dfe1f597d (webtiles) character file.

Game seed: 8219533652669030523

222 Gabide the Poker (level 6, 0/48 HPs)
             Began as a Human Monk on May 11, 2022.
             Slain by a gnoll
             ... wielding a +0 whip
              (7 damage)
             ... on level 2 of the Dungeon.
             The game lasted 00:04:03 (1770 turns).

Gabide the Poker (Human Monk)                       Turns: 1770, Time: 00:04:04

Health: 0/48       AC:  5    Str: 14    XL:     6   Next: 19%
Magic:  6/6        EV: 12    Int: 10    God:
Gold:   94         SH:  0    Dex: 15    Spells: 5/5 levels left

rFire   + . .      SeeInvis .   a - +0 spear
rCold   . . .      Faith    .   (no shield)
rNeg    . . .      Spirit   .   h - +0 ring mail {rF+}
rPois   .          Reflect  .   (no helmet)
rElec   .          Harm     .   (no cloak)
rCorr   .          Rampage  .   (no gloves)
Will    .....                   (no boots)
Stlth   +.........              (no amulet)
HPRegen 0.16/turn               (no ring)
MPRegen 0.10/turn               (no ring)

@: no status effects
A: no striking features
a: no special abilities


You were on level 2 of the Dungeon.
You visited 1 branch of the dungeon, and saw 2 of its levels.

You collected 94 gold pieces.

Inventory:

Hand Weapons
 a - a +0 spear (weapon)
Armour
 e - a +0 scale mail
 f - an orb of energy
 h - a +0 ring mail of fire resistance (worn)
Scrolls
 d - a scroll of enchant armour {unknown}
 j - a scroll of magic mapping {unknown}
Potions
 c - a potion of cancellation
 g - a potion of lignification
 i - a potion of curing {unknown}


   Skills:
 + Level 3.9 Fighting
 + Level 3.9 Polearms
 * Level 3.3 Armour
 + Level 3.9 Dodging
 - Level 2.0 Stealth


You had 5 spell levels left.
You didn't know any spells.
Your spell library was empty.

Dungeon Overview and Level Annotations

Branches:
Dungeon (2/15)

Altars:


Message History

You hit the bat.
The bat is heavily wounded.
The bat closely misses you. The bat hits you but does no damage.
You barely miss the bat.
The bat is heavily wounded.
The bat hits you but does no damage.
You hit the bat.
You kill the bat!
You hit the gnoll.
The gnoll is lightly wounded.
The gnoll hits you with a +0 whip.
You hit the gnoll.
The gnoll is heavily wounded.
The gnoll hits you but does no damage.
You hit the gnoll but do no damage.
The gnoll is heavily wounded.
The gnoll barely misses you.
You hit the gnoll but do no damage.
The gnoll is heavily wounded.
You hit the gnoll.
The gnoll is severely wounded.
You hit the gnoll but do no damage.
The gnoll is severely wounded.
The gnoll hits you with a +0 whip.
* * * LOW HITPOINT WARNING * * *
You closely miss the gnoll.
The gnoll is severely wounded.
The gnoll hits you with a +0 whip.
* * * LOW HITPOINT WARNING * * *
You hit the gnoll.
The gnoll is almost dead.
The gnoll hits you with a +0 whip.
* * * LOW HITPOINT WARNING * * *
You hit the gnoll.
You kill the gnoll!
As you read the scroll labelled ZAAXZI BAEM, it crumbles to dust.
It is a scroll of identify.
c - a potion of cancellation The gnoll hits you with a +0 whip!
You die...

#.......####....#......
#.......#...............
#.......#.##....#.......
#.......#..............
#+#....)#..............
.............##.....###
........#...###.....#
....†....##.##....#....
............##.#@## ##.
...............#g#####.#
.....#.........#.......#
.....+...................
.....#.....#.......#:....
##.........#.......# ....
.#.........#.......# ...
.#.........#.......# ##
...........#.......#


You could see a gnoll.

Vanquished Creatures
  Sigmund (D:2)
  2 gnolls (D:2)
  A worm (D:2)
  A dart slug (D:1)
  3 ball pythons
  4 bats
  8 endoplasms
  A giant cockroach (D:1)
  2 goblins (D:1)
  A hobgoblin (D:2)
  4 quokkas
  7 frilled lizards (D:1)
  5 kobolds
  4 rats
44 creatures vanquished.

Notes
Turn   | Place    | Note
-------+----------+-------------------------------------------
     0 | D:1      | Gabide the Human Monk began the quest for the Orb.
     0 | D:1      | Reached XP level 1. HP: 18/18 MP: 1/1
   105 | D:1      | Reached XP level 2. HP: 21/24 MP: 2/2
   163 | D:1      | Reached skill level 1 in Armour
   486 | D:1      | Reached XP level 3. HP: 28/29 MP: 3/3
   564 | D:1      | Found a faded altar of an unknown god.
  1358 | D:2      | Noticed Sigmund
  1379 | D:2      | Killed Sigmund
  1380 | D:2      | Reached XP level 4. HP: 28/37 MP: 4/4
  1380 | D:2      | Reached XP level 5. HP: 32/42 MP: 5/5
  1380 | D:2      | Reached XP level 6. HP: 37/48 MP: 6/6
  1770 | D:2      | Slain by a gnoll

Illustrated notes

Levels and vault maps discovered:
D:1:      psy_arrival_dodecagon, layout_loops_ring,
          hellmonk_ecumenical_altar_leap_of_faith, due_unseen_surprise
D:2:      layout_basic, basic_altar, uniq_sigmund, uniq_natasha

Skill      XL: |  1  2  3 |
---------------+----------+-----
Armour         | 1 3 |  3.3
Fighting       | |  3.9
Polearms       | |  3.9
Dodging        | |  3.9
Stealth        | |  2.0

Action                   |  1- 3 |  4- 6 || total
-------------------------+-------+-------++-------
Melee: Spear             |   158 |    48 ||   206
       Punch             |     2 |       ||     2
Throw: Throwing net      |     1 |       ||     1
  Use: Potion            |     1 |       ||     1
       Scroll            |       |     1 ||     1
 Stab: Held in net/web   |     1 |       ||     1
Armor: Scale mail        |    60 |       ||    60
       Skin              |     5 |       ||     5
       Ring mail         |       |     9 ||     9
Dodge: Dodged            |    37 |    20 ||    57
